 Dungeon Crawl Stone Soup version 0.30-a0-738-g116ff8c4af (webtiles) character file.

Game seed: 1213912321275809514

1511503 cforsyth the Intangible (level 26, 142/165 HPs)
             Began as a Spriggan Hunter on Feb 3, 2023.
             Was the Champion of Dithmenos.
             Escaped with the Orb
             ... and 3 runes!
             The game lasted 03:42:19 (84648 turns).

cforsyth the Intangible (Spriggan Hunter)          Turns: 84648, Time: 03:42:20

Health: 142/165    AC: 11    Str:  5    XL:     26   Next: 10%
Magic:  41/41      EV: 61    Int: 16    God:    Dithmenos [******]
Gold:   4637       SH:  8    Dex: 34    Spells: 12/51 levels left

rFire   + . .      SeeInvis +    V - +9 arbalest (flame)
rCold   . . .      Faith    .    (shield currently unavailable)
rNeg    + + .      Spirit   +    X - +2 robe {rF+}
rPois   +          Reflect  .    Z - +2 hat {Will+}
rElec   +          Harm     .    f - +4 dragonskin cloak
rCorr   .          Rampage  .    (gloves unavailable)
Will    +++++                    (boots unavailable)
Stlth   +++++                    R - brooch of Shielding {Spirit SH+8}
HPRegen 0.47/turn                S - ring "Minet" {rElec rPois Int+3 Dex+2}
MPRegen 0.27/turn                w - ring "Camnoj" {Fly rN++ Will+ Dex+4 Slay+2}

@: flying, wreathed by umbra, studying Stealth, very quick
A: very small, no large weapons, unfitting armour, see invisible, speed 3,
talons 1, weak 1, inability to drink after injury 1, MP-powered wands
0: Orb of Zot
}: 3/15 runes: decaying, silver, gossamer
a: Renounce Religion, Shadow Step, Shadow Form


You escaped.
You worshipped Dithmenos.
Dithmenos was exalted by your worship.
You visited 10 branches of the dungeon, and saw 48 of its levels.
You also visited: Bailey, Ice Cave and Volcano.

You collected 7642 gold pieces.
You spent 3005 gold pieces at shops.

Inventory:

Hand Weapons
 d - the +3 hand crossbow "Nidibeyn" {flame, Stlth+}
   (You acquired it on level 2 of the Vaults)

   Stlth:     It makes you more stealthy.
 e - the +12 shortbow "Lifebane" {flame, Int+2}
   (You bought it in a shop on level 3 of the Elven Halls)

   Int:       It affects your intelligence (+2).
 D - a +1 arbalest of draining
 V - a +9 arbalest of flaming (weapon)
Armour
 a - a scarf of resistance
 f - the +4 dragonskin cloak (worn)
   (You took it off Tiamat on level 3 of the Realm of Zot)

   Avatar's Aegis: It grants the wearer a chance to resist fire, cold, poison,
   electricity, acid, and negative energy.
 F - a +2 robe of willpower
 U - a +1 cloak of preservation
 X - a +2 robe of fire resistance (worn)
 Z - a +2 hat of willpower (worn)
Jewellery
 r - a ring of protection from cold
 w - the ring "Camnoj" (right hand) {Fly rN++ Will+ Dex+4 Slay+2}
   (You found it in an ice cave)

   [ring of willpower]

   Dex:       It affects your dexterity (+4).
   Slay:      It affects your accuracy & damage with ranged weapons and melee
   (+2).
   rN:        It greatly protects you from negative energy.
   Fly:       It grants you flight.
   Will:      It increases your willpower.
 H - the ring of Liarap {rC++ Str+6 Int+4}
   (You acquired it on level 2 of the Vaults)

   [ring of strength]

   Str:       It affects your strength (+6).
   Int:       It affects your intelligence (+4).
   rC:        It greatly protects you from cold.
 R - the brooch of Shielding (around neck) {Spirit SH+8}
   (You took it off a deep elf zephyrmancer on level 3 of the Elven Halls)

   [amulet of guardian spirit]

   It causes incoming damage to be divided between your reserves of health and
   magic.
   SH:        It affects your SH (+8).
 S - the ring "Minet" (left hand) {rElec rPois Int+3 Dex+2}
   (You found it on level 1 of the Swamp)

   [ring of poison resistance]

   Int:       It affects your intelligence (+3).
   Dex:       It affects your dexterity (+2).
   rElec:     It insulates you from electricity.
   rPois:     It protects you from poison.
 T - a ring of protection from fire
 W - a ring of poison resistance
Wands
 k - a wand of flame (85)
 m - a wand of charming (78)
 n - a wand of light (31)
 u - a wand of iceblast (33)
 y - a wand of mindburst (30)
 P - a wand of digging (20)
Scrolls
 b - 17 scrolls of immolation
 c - 4 scrolls of enchant weapon
 l - 6 scrolls of enchant armour
 q - 13 scrolls of amnesia
 s - 11 scrolls of teleportation
 B - 5 scrolls of silence
 C - 10 scrolls of blinking
 E - 12 scrolls of fog
 I - 7 scrolls of torment
 K - 6 scrolls of summoning
 M - 5 scrolls of fear
 N - 2 scrolls of vulnerability
 O - 6 scrolls of poison
 Y - 3 scrolls of magic mapping
Potions
 g - 2 potions of lignification
 h - 8 potions of attraction
 i - 10 potions of cancellation
 j - 9 potions of magic
 o - 15 potions of curing
 p - 4 potions of invisibility
 t - 10 potions of heal wounds
 v - 6 potions of mutation
 x - 5 potions of haste
 z - 5 potions of resistance
 A - 4 potions of ambrosia
 J - 5 potions of might
 L - 10 potions of brilliance
 Q - 5 potions of flight


   Skills:
 - Level 25.9 Fighting
 + Level 24.6 Ranged Weapons
 O Level 27 Dodging
 - Level 17.1 Stealth
 - Level 13.0 Spellcasting
 + Level 17.5 Hexes
 - Level 10.0 Translocations


You had 12 spell levels left.
You knew the following spells:

 Your Spells              Type           Power      Damage    Failure   Level
a - Blink                 Tloc           84%        N/A       1%          2
b - Portal Projectile     Hex/Tloc       100%       N/A       1%          3
c - Tukima's Dance        Hex            60%        N/A       0%          3
d - Passage of Golubria   Tloc           42%        N/A       1%          4
e - Leda's Liquefaction   Hex/Erth       19%        N/A       1%          4
f - Slow                  Hex            100%       N/A       0%          1
g - Yara's Violent Unrav  Hex/Tmut       19%        3d9       4%          5
h - Summon Mana Viper     Hex/Summ       38%        N/A       4%          5
i - Silence               Hex/Air        19%        N/A       4%          5
j - Enfeeble              Hex            30%        N/A       4%          7

Your spell library contained the following spells:

 Spells                   Type           Power      Damage    Failure   Level
 Confusing Touch          Hex            60%        N/A       0%          3
 Apportation              Tloc           84%        N/A       1%          1
 Ensorcelled Hibernation  Hex/Ice        76%        N/A       1%          2
 Lesser Beckoning         Tloc           84%        N/A       1%          2
 Momentum Strike          Conj/Tloc      52%        3d9       1%          2
 Summon Guardian Golem    Hex/Summ       38%        N/A       1%          3
 Cause Fear               Hex            30%        N/A       1%          4
 Fulminant Prism          Conj/Hex       19%        3d10      1%          4
 Manifold Assault         Tloc           42%        N/A       1%          4
 Vhi's Electric Charge    Tloc/Air       52%        N/A       2%          3
 Metabolic Englaciation   Hex/Ice        19%        N/A       4%          5
 Kindle Blastsparks       Fire/Tloc/Air  42%        2d13      5%          3
 Beastly Appendage        Tmut           20%        N/A       7%          1
 Freeze                   Ice            40%        1d6       7%          1
 Magic Dart               Conj           40%        1d5       7%          1
 Necrotise                Necr           40%        1d6       7%          1
 Sandblast                Erth           20%        2d7       7%          1
 Summon Small Mammal      Summ           40%        N/A       7%          1
 Call Imp                 Summ           10%        N/A       10%         2
 Cigotuvi's Dreadful Rot  Necr/Pois/Air  20%        N/A       10%         2
 Passwall                 Tmut/Erth      8%         N/A       10%         2
 Poisonous Vapours        Pois/Air       20%        N/A       10%         2
 Searing Ray              Conj           20%        2d5       10%         2
 Static Discharge         Conj/Air       20%        2-3/arc   10%         2
 Wereblood                Tmut           10%        N/A       10%         2
 Call Canine Familiar     Summ           10%        N/A       21%         3
 Hailstorm                Conj/Ice       10%        3d5       21%         3
 Mephitic Cloud           Conj/Pois/Air  10%        N/A       21%         3
 Spider Form              Tmut/Pois      10%        N/A       21%         3
 Stone Arrow              Conj/Erth      20%        3d8       21%         3
 Swiftness                Air            10%        N/A       21%         3
 Vampiric Draining        Necr           10%        2d6       21%         3
 Summon Forest            Summ/Tloc      13%        N/A       24%         5
 Animate Armour           Summ/Erth      20%        N/A       54%         4
 Dispel Undead            Necr           10%        3d9       54%         4
 Ice Form                 Ice/Tmut       10%        N/A       54%         4
 Olgreb's Toxic Radiance  Pois           10%        N/A       54%         4
 Petrify                  Tmut/Erth      10%        N/A       54%         4
 Summon Ice Beast         Ice/Summ       10%        N/A       54%         4
 Summon Lightning Spire   Summ/Air       10%        N/A       54%         4
 Agony                    Necr           10%        N/A       88%         5
 Alistair's Intoxication  Tmut/Pois      6%         N/A       88%         5
 Arcjolt                  Conj/Air       5%         1d15      88%         5
 Blade Hands              Tmut           5%         N/A       88%         5
 Fireball                 Conj/Fire      5%         3d5       88%         5
 Irradiate                Conj/Tmut      5%         3d13      88%         5
 Iskenderun's Battlesphe  Conj           10%        2d6       88%         5
 Lee's Rapid Deconstruct  Erth           5%         3d6*      88%         5
 Lightning Bolt           Conj/Air       5%         1d17      88%         5
 Conjure Ball Lightning   Conj/Air       5%         3x3d6     100%        6
 Death Channel            Necr           5%         N/A       100%        6
 Iron Shot                Conj/Erth      5%         9d2       100%        6
 Simulacrum               Ice/Necr       5%         N/A       100%        6
 Statue Form              Tmut/Erth      6%         N/A       100%        6
 Summon Cactus Giant      Summ           5%         N/A       100%        6
 Dragon Form              Tmut           5%         N/A       100%        7
 Malign Gateway           Summ/Tloc      13%        N/A       100%        7
 Orb of Destruction       Conj           5%         9d5       100%        7
 Ozocubu's Refrigeration  Ice            5%         4d8       100%        7
 Spellforged Servitor     Conj/Summ      5%         N/A       100%        7
 Storm Form               Tmut/Air       5%         N/A       100%        7
 Summon Hydra             Summ           5%         N/A       100%        7
 Ignition                 Fire           5%         3d4       100%        8
 Lehudib's Crystal Spear  Conj/Erth      5%         10d3      100%        8
 Maxwell's Capacitive Co  Air            5%         ∞         100%        8
 Summon Horrible Things   Summ           5%         N/A       100%        8
 Chain Lightning          Conj/Air       5%         3d6       100%        9
 Dragon's Call            Summ           5%         N/A       100%        9


Dungeon Overview and Level Annotations

Branches:
Dungeon (15/15)            Temple (1/1) D:4            Lair (5/5) D:11
  Swamp (4/4) Lair:2       Spider (4/4) Lair:2        Slime (0/5) Lair:4
    Orc (2/2) D:12            Elf (3/3) Orc:2        Vaults (5/5) D:13
  Crypt (0/3) Vaults:2     Depths (4/4) D:15            Zot (5/5) Depths:4
 Bailey (visited)           IceCv (visited)         Volcano (visited)

Altars:
Ashenzari
Cheibriados
Dithmenos
Elyvilon
Fedhas
Gozag
Hepliaklqana
Kikubaaqudgha
Makhleb
Nemelex Xobeh
Okawaru
Qazlal
Ru
Sif Muna
Trog
Uskayaw
Vehumet
Wu Jian
Xom
Yredelemnul
Zin
The Shining One
Jiyva
Lugonu

Shops:
D:1 [*=*=   D:3 (   D:4 [   D:8 =   Orc:1 ?   Orc:2 *[(?   Elf:3 ?(?(
Vaults:2 (   Depths:2 =:=

Portals:
Hell: Depths:1 Depths:2 Depths:3 Depths:4
Abyss: Depths:1 Depths:3 Depths:4
Pandemonium: Depths:2 Depths:4
Ziggurat: Depths:2

Annotations:
Zot:2 Parghit


Innate Abilities, Weirdness & Mutations

You are very small and have problems with some larger weapons.
You are too small for most types of armour.
You have supernaturally acute eyesight. (SInv)
You cover ground extremely quickly. (Speed+++)
You have sharp toenails.
You are weak. (Str -2)
You occasionally lose the ability to drink potions when taking damage.
You expend magic power (3 MP) to strengthen your wands.


Message History

A profane servitor comes into view. It is wielding a +3 whip of venom.
You shoot a bolt. The bolt hits the profane servitor!
The bolt burns the profane servitor.
The profane servitor is lightly damaged.
You shoot a bolt. The bolt hits the profane servitor!!!
The bolt burns the profane servitor!
The profane servitor is heavily damaged.
Your shadow shoots a bolt.
The bolt misses the profane servitor.
You shoot a bolt. The bolt hits the profane servitor!!
The bolt burns the profane servitor.
The profane servitor is severely damaged.
Your shadow shoots a bolt.
The bolt hits the profane servitor but does no damage.
You shoot a bolt. The bolt hits the profane servitor!!!
The bolt burns the profane servitor!
You destroy the profane servitor!
Dithmenos accepts your kill.
Your shadow shoots a bolt.
No target in view!
(D) Dungeon (T) Temple (L) Lair (S) Swamp (N) Spider Nest (M) Slime Pits (O) Orcish Mines (E) Elven Halls (V) Vaults (C) Crypt (U) Depths (H) Hell (Z) Zot
Where to? (Enter - D:2, ? - help)
There is a stone staircase leading up here.
You fly upwards.
There is a stone staircase leading down here.
(D) Dungeon (T) Temple (L) Lair (S) Swamp (N) Spider Nest (M) Slime Pits (O) Orcish Mines (E) Elven Halls (V) Vaults (C) Crypt (U) Depths (H) Hell (Z) Zot
Where to? (Enter - D:2, ? - help)
There is a stone staircase leading up here.
You fly upwards.
There is a stone staircase leading down here.
There is an open door here.
Magic restored.
There is an open door here.
There is a staircase leading out of the dungeon here.
You have escaped!

#.# #.# ♣♣..~#.# #
#.####.#♣♣...~#.#
####......#♣P...~#.#
'....####.#♣....≈#.#
####.####.#♣.P.~≈#.#
#......##.#...~≈~#.#
#.##.####.'..~~~.#.#
#.##..^_###<.~P~.#.#
..##.#### #.~~P~@'.#
####.#.# #~~PP~.###
####[#.# #≈PP~1.#
.....#.# #~PP~..#
.#####.# #≈~~~..# .#
#.# #≈≈~...# .## #.#
#≈≈...♣# ..# #.#
#~~...♣ ..# #.#
#≈...♣♣


You could see a Tzitzimitl.

Vanquished Creatures
  4 dread liches
  Tiamat (Zot:3)
  4 ancient liches (Zot:5)
  5 orbs of fire
  Boris (4 times) (Vaults:2 Vaults:4 Depths:1 Depths:2)
  Frederick (Depths:2)
  4 Killer Klowns
  3 curse toes
  8 golden dragons
  A pandemonium lord (D:14)
  A profane servitor (D:3)
  3 electric golems
  Rupert (Lair:5)
  Mlioglotl (Lair:2)
  21 tentacled monstrosities
  4 liches (Depths:2)
  A hellephant (D:12)
  7 titans
  2 Ice Fiends
  26 Orb Guardians
  Asterion (Spider:1)
  4 quicksilver dragons
  2 deep elf master archers (Elf:3)
  2 deep elf blademasters (Elf:3)
  5 sphinxes
  The ghost of MrSquiggles the Wrestler, an adept TrFi of Wu Jian (Swamp:1)
  6 death cobs
  2 thorn hunters (Swamp:4)
  Kirke (Spider:1)
  12 storm dragons
  7 shadow dragons
  Agnes (Spider:4)
  Donald (Orc:2)
  4 tengu reavers
  The ghost of Jufurghi the Alchemist, an adept OpTm of Gozag (Spider:2)
  A rockslime (IceCv)
  11 frost giants
  7 fire giants
  A fenstrider witch (Swamp:3)
  3 azure jellies (IceCv)
  6 draconian knights
  An iron dragon (Depths:4)
  5 draconian monks
  7 deep elf sorcerers
  16 vault wardens
  Aizul (Spider:4)
  Louise (Elf:1)
  8 ghost moths
  10 emperor scorpions
  22 ironbound preservers
  3 cacodemons (Depths:2)
  6 draconian shifters
  An orc warlord (Vaults:4)
  A ghost moth (shapeshifter) (Depths:1)
  4 draconian annihilators
  5 draconian stormcallers
  11 draconian scorchers
  4 quicksilver oozes (IceCv)
  2 ghouls (Swamp:2)
  11 very ugly things
  The ghost of octoduck the Fighter, a journeyman GrEE of Jiyva (Swamp:1)
  6 deep elf elementalists
  12 stone giants
  The ghost of Appeb the Black Belt, a journeyman DgDe (D:13)
  5 war gargoyles
  7 ironbound thunderhulks
  6 deep elf demonologists
  3 broodmothers
  A vampire knight (Depths:4)
  10 green draconians
  11 white draconians
  8 yellow draconians
  15 black draconians
  16 purple draconians
  10 spark wasps
  4 eleionomae
  6 bunyips
  16 red draconians
  8 deep elf annihilators
  24 dire elephants
  6 statues (Depths:2)
  2 green deaths (Depths:2)
  6 fire dragons
  A crystal guardian (Vaults:4)
  2 blizzard demons
  A merfolk javelineer (Depths:2)
  3 deep elf death magi
  3 shambling mangroves
  18 yaktaur captains
  A fire dragon (shapeshifter) (Vaults:4)
  29 vault guards
  5 entropy weavers
  9 ettins
  2 great orbs of eyes
  A rakshasa (Depths:1)
  4 deep elf high priests
  8 ice dragons
  22 hydras
  3 peacekeepers (Vaults:4)
  2 catoblepae
  2 jorogumos
  6 ironbound frosthearts
  4 ogre magi
  16 centaur warriors
  4 salamander tyrants (Depths:2)
  Erica (D:8)
  A hell beast (Depths:2)
  7 spriggan air magi
  An alligator (shapeshifter) (Vaults:4)
  6 deep troll shamans
  19 dancing weapons
  7 alligators
  19 two-headed ogres
  4 tengu warriors
  2 radroaches
  4 boulder beetles
  A vampire mage (D:15)
  6 deep troll earth magi
  16 death yaks
  2 orc high priests (Orc:2)
  4 spriggan berserkers
  A titan zombie (D:15)
  Urug (Lair:2)
  21 deep elf knights
  3 soul eaters (Depths:2)
  2 sun moths
  17 hell knights
  Sonja (Lair:1)
  4 pharaoh ants
  5 sixfirhies
  8 goliath frogs
  Lodul (D:10)
  2 skeletal warriors (D:15)
  Nergalle (Lair:2)
  12 swamp dragons
  10 iron trolls
  A spriggan druid (Swamp:2)
  66 deep trolls
  6 glowing orange brains
  10 orb spiders
  An obsidian statue (Depths:2)
  A shadow demon (D:14)
  12 wizards
  2 orange crystal statues
  8 phantasmal warriors
  A swamp dragon (shapeshifter) (Vaults:5)
  31 deep elf zephyrmancers
  5 necromancers
  12 harpies
  19 ironbound convokers
  9 lindwurms
  3 orc knights
  11 deep elf archers
  A harpy (shapeshifter) (Elf:2)
  10 bog bodies
  7 steelbarb worms
  29 deep elf pyromancers
  A shining eye (shapeshifter) (Vaults:4)
  A fire giant zombie (D:15)
  23 wolf spiders
  An orc sorcerer (Orc:2)
  28 ugly things
  9 cyclopes
  5 manticores
  4 will-o-the-wisps
  29 moths of wrath
  Maurice (D:10)
  30 elephants
  5 toenail golems (Volcano)
  4 rust devils
  3 black mambas
  A human skeleton (Vaults:4)
  14 vault sentinels
  6 torpor snails
  An orange demon (Depths:4)
  7 demonic crawlers
  7 cane toads
  A gargoyle (D:10)
  A freezing wraith (D:13)
  A hellion (Depths:4)
  2 unseen horrors (D:13)
  A yaktaur (shapeshifter) (D:14)
  26 yaktaurs
  7 kobold demonologists
  9 komodo dragons
  An ice devil (Depths:2)
  An efreet (D:15)
  2 tengu conjurers
  A red devil (Depths:2)
  A rime drake (Lair:1)
  6 tyrant leeches
  7 meliai
  14 trolls
  2 bloated husks (Swamp:2)
  13 hornets
  2 hellwings (Depths:2)
  30 tarantellas
  Prince Ribbit (Bailey)
  5 polar bears
  18 blink frogs
  A snapping turtle (shapeshifter) (Depths:2)
  A dream sheep (shapeshifter) (Depths:4)
  An ettin zombie (Vaults:4)
  Sigmund (D:4)
  An ettin skeleton (D:15)
  A jumping spider (shapeshifter) (Depths:4)
  8 wyverns
  25 culicivoras
  A wraith (D:11)
  A ynoxinul (Depths:2)
  22 jumping spiders
  41 slime creatures
  A shadow (D:9)
  9 spriggans
  4 air elementals
  6 water elementals
  4 hogs (Spider:1)
  24 yaks
  Eustachio (D:6)
  2 fire elementals
  A neqoxec (Depths:2)
  4 humans
  10 vampire mosquitoes
  7 basilisks
  A steam dragon (D:9)
  39 redbacks
  3 wargs
  A glowing shapeshifter zombie (D:15)
  15 swamp worms
  A swamp worm (shapeshifter) (Vaults:5)
  2 acid dragons
  16 water moccasins
  Duvessa (D:6)
  7 swamp drakes
  An ice beast (D:5)
  4 black bears
  15 orc warriors
  4 great orb of eyes simulacra (IceCv)
  2 human zombies (Vaults:4)
  2 sky beasts
  10 wolves
  36 ogres
  5 centaurs
  3 slime creature simulacra (IceCv)
  8 kobold brigands
  Blork the orc (D:6)
  19 bullfrogs
  2 necrophages (D:6)
  A gnoll sergeant (D:8)
  8 glowing shapeshifter simulacra (IceCv)
  5 scorpions
  3 earth elementals (Elf:2)
  5 wights (D:9)
  Dowan (D:6)
  5 howler monkeys
  2 electric eels
  A vampire bat (D:6)
  4 hounds
  17 orc priests
  2 jellies
  Crazy Yiuf (D:3)
  Jessica (D:3)
  6 iguanas
  Ijyb (D:5)
  15 orc wizards
  4 hell rats (Lair:5)
  Robin (D:3)
  15 adders
  5 gnolls
  A shadow imp (D:7)
  A white imp (D:8)
  6 worms
  2 dart slugs
  53 orcs
  7 bats
  2 bat skeletons (D:6)
  2 bat zombies (D:6)
  7 endoplasms
  3 giant cockroaches
  15 hobgoblins
  4 jackals (D:2)
  A quokka (D:1)
  5 ball pythons
  7 frilled lizards
  21 goblins
  28 kobolds
  6 rats
2045 creatures vanquished.

Vanquished Creatures (collateral kills)
  An orc warrior (Bailey)
  An orc (Bailey)
2 creatures vanquished.

Vanquished Creatures (others)
  A golden dragon (Vaults:5)
  An eldritch tentacle (Zot:5)
  A sphinx (Vaults:5)
  A frost giant (Depths:4)
  A fire giant (Depths:1)
  A black draconian (Zot:4)
  An ettin (Depths:1)
  An ironbound convoker (Vaults:5)
  A wizard (Depths:2)
  2 deep elf pyromancers
  A moth of wrath (Zot:5)
  A smoke demon (Depths:2)
  A yaktaur (Vaults:5)
  A tarantella (Spider:1)
  A kobold brigand (D:7)
  24 foxfires
  19 fungi
  50 plants
  2 withered plants (D:15)
111 creatures vanquished.

Grand Total: 2158 creatures vanquished

Notes
Turn   | Place    | Note
-------+----------+-------------------------------------------
     0 | D:1      | cforsyth the Spriggan Hunter began the quest for the Orb.
     0 | D:1      | Reached XP level 1. HP: 10/10 MP: 2/2
   116 | D:1      | Found a faded altar of an unknown god.
   127 | D:1      | Reached skill level 3 in Dodging
   147 | D:1      | Reached XP level 2. HP: 15/15 MP: 3/3
   204 | D:1      | Found Xyimehem's Assorted Antiques.
   222 | D:1      | Found Kiveor's Jewellery Shop.
   265 | D:1      | Found Jitar's Jewellery Shoppe.
   403 | D:1      | Found Logoi's Assorted Antiques.
   443 | D:1      | Found Ceiclo's Antique Armour Emporium.
   464 | D:1      | Reached XP level 3. HP: 18/18 MP: 4/4
  1160 | D:3      | Reached XP level 4. HP: 23/23 MP: 5/5
  1193 | D:3      | Noticed Robin
  1342 | D:3      | Noticed Jessica
  1346 | D:3      | Reached skill level 5 in Ranged Weapons
  1347 | D:3      | Killed Jessica
  1354 | D:3      | Reached skill level 4 in Dodging
  1409 | D:3      | Killed Robin
  1410 | D:3      | Reached XP level 5. HP: 27/27 MP: 6/6
  1599 | D:3      | Found a runed translucent door.
  1600 | D:3      | Noticed Crazy Yiuf
  1704 | D:3      | Found Lamos's Weapon Shop.
  1708 | D:3      | Got the Compilation of the Brilliant Cumulonimbus
  2017 | D:3      | Killed Crazy Yiuf
  2270 | D:4      | Noticed Sigmund
  2307 | D:4      | Reached XP level 6. HP: 29/32 MP: 7/7
  2400 | D:4      | Found Tirefy's Armour Emporium.
  2681 | D:4      | Found a staircase to the Ecumenical Temple.
  2687 | Temple   | Entered the Ecumenical Temple
  2748 | Temple   | Became a worshipper of Dithmenos the Shadowed
  2948 | D:5      | Entered Level 5 of the Dungeon
  3026 | D:4      | Reached skill level 5 in Dodging
  3306 | D:5      | Reached XP level 7. HP: 35/36 MP: 8/8
  3627 | D:5      | Reached skill level 6 in Dodging
  3905 | D:5      | Noticed Ijyb
  4067 | D:5      | Killed Ijyb
  4181 | D:6      | Reached XP level 8. HP: 36/42 MP: 9/9
  4232 | D:6      | Noticed Duvessa
  4300 | D:6      | Killed Duvessa
  4330 | D:6      | Noticed Dowan
  4340 | D:6      | Killed Dowan
  4421 | D:6      | Found an ancient bone altar of Kikubaaqudgha.
  4424 | D:6      | Reached * piety under Dithmenos
  4484 | D:6      | Reached skill level 7 in Dodging
  4839 | D:6      | Noticed Eustachio
  4997 | D:6      | Killed Eustachio
  4998 | D:6      | Reached skill level 5 in Fighting
  5064 | D:5      | Reached skill level 8 in Dodging
  5237 | D:1      | Bought a runed arbalest for 210 gold pieces
  5237 | D:1      | Bought a scroll labelled VIUDED BARYTSEASCH for 28 gold
                  | pieces
  5237 | D:1      | Bought a scroll labelled VATSEQ ZALUOR for 28 gold pieces
  5615 | D:4      | Killed Sigmund
  5616 | D:4      | Reached XP level 9. HP: 35/47 MP: 10/10
  5778 | D:6      | Found a hazy altar of Hepliaklqana.
  5823 | D:6      | Noticed Blork the orc
  5829 | D:6      | Killed Blork the orc
  6065 | D:7      | Reached ** piety under Dithmenos
  6136 | D:7      | Reached skill level 10 in Ranged Weapons
  6440 | D:7      | Reached skill level 9 in Dodging
  6772 | D:8      | Noticed a two-headed ogre
  6825 | D:7      | Killed a two-headed ogre
  6826 | D:7      | Reached XP level 10. HP: 53/53 MP: 11/11
  6930 | D:8      | Reached skill level 10 in Dodging
  6954 | D:8      | Reached *** piety under Dithmenos
  6978 | D:8      | Found a bloodstained altar of Trog.
  6978 | D:8      | Found a sacrificial altar of Ru.
  6978 | D:8      | Found a burning altar of Makhleb.
  6978 | D:8      | Found a broken altar of Ashenzari.
  6979 | D:8      | Found a glowing silver altar of Zin.
  6979 | D:8      | Found a shimmering altar of Xom.
  6980 | D:8      | Found an opulent altar of Gozag.
  6989 | D:8      | Found an ornate altar of the Wu Jian Council.
  6989 | D:8      | Found a snail-covered altar of Cheibriados.
  6990 | D:8      | Found a sparkling altar of Nemelex Xobeh.
  7030 | D:8      | Found Muryc's Jewellery Shop.
  7368 | D:8      | Noticed Erica
  7375 | D:8      | Killed Erica
  7498 | D:9      | Noticed a centaur warrior
  7518 | D:9      | Killed a centaur warrior
  7641 | D:9      | Reached skill level 11 in Dodging
  8226 | D:10     | Entered Level 10 of the Dungeon
  8270 | D:10     | You fall into a shaft and drop 1 floor!
  8310 | D:10     | Found a flagged portal.
  8387 | Bailey   | Entered a bailey
  8559 | Bailey   | Reached XP level 11. HP: 58/58 MP: 12/12
  8560 | Bailey   | Reached **** piety under Dithmenos
  8581 | Bailey   | Noticed Prince Ribbit
  8582 | Bailey   | Noticed a vault guard
  8643 | Bailey   | Killed Prince Ribbit
  8701 | Bailey   | Noticed a vault guard
  8760 | Bailey   | Killed a vault guard
  9017 | Bailey   | Killed a vault guard
  9240 | D:10     | Noticed a two-headed ogre
  9243 | D:10     | Killed a two-headed ogre
  9244 | D:10     | Reached skill level 12 in Dodging
  9249 | D:10     | Noticed Lodul
  9264 | D:10     | Killed Lodul
  9596 | D:10     | Found a stormy altar of Qazlal.
  9611 | D:10     | Noticed a two-headed ogre
  9642 | D:10     | Killed a two-headed ogre
  9859 | D:10     | Noticed Maurice
  9867 | D:10     | Killed Maurice
 10027 | D:11     | Noticed a two-headed ogre
 10033 | D:11     | Killed a two-headed ogre
 10100 | D:11     | Noticed a boulder beetle
 10113 | D:11     | Killed a boulder beetle
 10113 | D:11     | Reached ***** piety under Dithmenos
 10335 | D:11     | Found a staircase to the Lair.
 10546 | D:11     | Noticed a two-headed ogre
 10561 | D:11     | Killed a two-headed ogre
 10562 | D:11     | Reached skill level 13 in Dodging
 10562 | D:11     | Reached XP level 12. HP: 65/65 MP: 13/13
 10728 | D:12     | Found a staircase to the Orcish Mines.
 11318 | D:12     | Reached skill level 15 in Ranged Weapons
 11410 | D:12     | Noticed a two-headed ogre
 11415 | D:12     | Killed a two-headed ogre
 11486 | D:12     | Noticed a two-headed ogre
 11492 | D:12     | Killed a two-headed ogre
 12081 | Lair:1   | Entered Level 1 of the Lair of Beasts
 12289 | Lair:1   | Noticed a boulder beetle
 12293 | Lair:1   | Killed a boulder beetle
 12294 | Lair:1   | Reached skill level 14 in Dodging
 12325 | Lair:1   | You fall into a shaft and drop 1 floor!
 12521 | Lair:2   | Found a hole to the Spider Nest.
 12627 | Lair:2   | Found a staircase to the Swamp.
 12650 | Lair:2   | Noticed Nergalle
 12651 | Lair:2   | Noticed Urug
 12722 | Lair:1   | Noticed Sonja
 12727 | Lair:1   | Killed Sonja
 13207 | D:1      | Bought a glowing cloak for 180 gold pieces
 13533 | Lair:2   | Killed Urug
 13598 | Lair:2   | Killed Nergalle
 13740 | Lair:2   | Reached XP level 13. HP: 69/70 MP: 14/14
 14430 | D:1      | Bought a scroll labelled FICRUK CUOTOPO for 21 gold pieces
 14430 | D:1      | Bought a scroll of identify for 42 gold pieces
 14430 | D:1      | Bought a scroll of identify for 42 gold pieces
 15434 | Lair:3   | Reached skill level 15 in Dodging
 15468 | Lair:3   | Reached skill level 10 in Fighting
 16374 | Lair:4   | Found a viscous altar of Jiyva.
 16374 | Lair:4   | Found a staircase to the Slime Pits.
 16452 | Lair:4   | Found a hide-covered altar of Uskayaw.
 16454 | Lair:4   | Reached ****** piety under Dithmenos
 16858 | Lair:5   | Entered Level 5 of the Lair of Beasts
 16877 | Lair:5   | Reached skill level 16 in Dodging
 17117 | Lair:5   | Reached XP level 14. HP: 70/77 MP: 15/15
 17173 | Lair:5   | Found a dark tunnel.
 17178 | Volcano  | Entered a volcano
 17342 | Volcano  | Identified the +1 pair of boots of the Serpent {Regen+
                  | rCorr}
 17704 | Lair:5   | Reached skill level 17 in Dodging
 18390 | Lair:5   | Reached skill level 18 in Dodging
 18494 | Lair:5   | Noticed Rupert
 18588 | Lair:5   | Killed Rupert
 19074 | Lair:5   | Reached XP level 15. HP: 85/85 MP: 16/16
 19388 | Orc:1    | Entered Level 1 of the Orcish Mines
 19549 | Orc:2    | Entered Level 2 of the Orcish Mines
 20039 | Orc:2    | Found a staircase to the Elven Halls.
 20096 | Orc:2    | Reached skill level 19 in Dodging
 20096 | Orc:2    | Found Unoaps's Antique Weapon Shop.
 20251 | Orc:2    | Found Qoudeg's General Store.
 20256 | Orc:2    | Found Rosepp's Magic Scroll Emporium.
 20268 | Orc:2    | Found Vuoro's Antique Armour Boutique.
 20277 | Orc:2    | Bought an ichor-stained robe for 176 gold pieces
 20277 | Orc:2    | Identified the +1 robe of Dawn {rPois} (You bought it in a
                  | shop on level 2 of the Orcish Mines)
 20371 | Orc:2    | Noticed Donald
 20376 | Orc:2    | Killed Donald
 20626 | Orc:1    | Found Oplenin's Magic Scroll Shoppe.
 20653 | Orc:1    | Bought a scroll of acquirement for 676 gold pieces
 20653 | Orc:1    | Acquired a +2 arbalest of flaming
 20918 | D:13     | Reached skill level 1 in Translocations
 20984 | D:13     | Reached skill level 1 in Spellcasting
 21307 | D:13     | Found a runed translucent gate.
 21307 | D:13     | Found a runed translucent gate.
 21588 | D:13     | Found a runed translucent gate.
 21588 | D:13     | Noticed Appeb's ghost (journeyman DgDe)
 21682 | D:13     | Reached skill level 20 in Dodging
 21692 | D:13     | Found a gate to the Vaults.
 21852 | D:13     | Killed Appeb's ghost
 22351 | D:14     | Reached skill level 5 in Stealth
 23023 | D:15     | Entered Level 15 of the Dungeon
 23051 | D:15     | Found a frozen archway.
 23065 | IceCv    | Entered an ice cave
 23193 | IceCv    | Reached skill level 5 in Translocations
 23301 | IceCv    | Reached XP level 16. HP: 92/92 MP: 19/23
 23440 | IceCv    | Found a viscous altar of Jiyva.
 23491 | IceCv    | Identified the ring "Camnoj" {Fly rN++ Will+ Dex+4 Slay+2}
 23510 | IceCv    | Got the ring "Teifiet" {rC+ rN+ Str-5 SInv}
 23606 | IceCv    | Reached skill level 5 in Spellcasting
 23636 | IceCv    | Got the Elucidation of Snow
 23643 | IceCv    | Learned a level 2 spell: Blink
 23874 | D:15     | Found a staircase to the Depths.
 24035 | D:15     | Found a sparkling altar of Nemelex Xobeh.
 24685 | Spider:1 | Entered Level 1 of the Spider Nest
 24685 | Spider:1 | Noticed Mlioglotl
 24697 | Lair:2   | Killed Mlioglotl
 24977 | Spider:1 | Reached skill level 21 in Dodging
 25361 | Spider:1 | Noticed Asterion
 25376 | Spider:1 | Killed Asterion
 25377 | Spider:1 | Reached skill level 10 in Stealth
 26341 | Spider:1 | Noticed Kirke
 26351 | Spider:1 | Killed Kirke
 27114 | Spider:2 | Found a large runed translucent door.
 27195 | Spider:2 | Found a large runed translucent door.
 27199 | Spider:2 | Noticed Jufurghi's ghost (adept OpTm)
 27555 | Spider:3 | Reached skill level 22 in Dodging
 27578 | Spider:3 | Reached XP level 17. HP: 98/98 MP: 25/25
 27827 | Spider:3 | Reached skill level 15 in Fighting
 27997 | Spider:3 | Identified the +4 ring mail "Barphof" {rC+ Dex+3}
 28839 | Spider:4 | Entered Level 4 of the Spider Nest
 29274 | Spider:4 | Noticed Agnes
 29284 | Spider:4 | Killed Agnes
 29824 | Spider:3 | Reached skill level 23 in Dodging
 30739 | Spider:4 | Noticed Aizul
 31405 | Spider:4 | Killed Aizul
 32552 | Spider:4 | Found the +3 pair of gauntlets of War {Slay+5}
 32571 | Spider:4 | Got a gossamer rune of Zot
 32809 | Swamp:1  | Entered Level 1 of the Swamp
 32825 | Swamp:1  | Reached skill level 24 in Dodging
 33253 | Swamp:1  | Found a runed translucent gate.
 33253 | Swamp:1  | Found a runed translucent gate.
 33253 | Swamp:1  | Found a runed translucent gate.
 33254 | Swamp:1  | Noticed MrSquiggles's ghost (adept TrFi)
 33255 | Swamp:1  | Noticed octoduck's ghost (journeyman GrEE)
 33594 | Swamp:1  | Reached XP level 18. HP: 107/107 MP: 26/26
 33731 | Swamp:1  | Killed octoduck's ghost
 33769 | Swamp:1  | Killed MrSquiggles's ghost
 33807 | Swamp:1  | Identified the ring "Minet" {rElec rPois Int+3 Dex+2}
 33822 | Swamp:1  | Acquired 580 gold pieces
 35042 | Swamp:4  | Entered Level 4 of the Swamp
 35045 | Swamp:4  | Reached skill level 25 in Dodging
 36083 | Swamp:4  | Got a decaying rune of Zot
 36407 | Vaults:1 | Entered Level 1 of the Vaults
 36935 | Vaults:1 | Reached skill level 26 in Dodging
 37257 | D:13     | Reached skill level 1 in Hexes
 37496 | Vaults:1 | Reached XP level 19. HP: 113/113 MP: 27/27
 38233 | Vaults:1 | Reached skill level 5 in Hexes
 38561 | Vaults:2 | Found a staircase to the Crypt.
 38561 | Vaults:2 | Found a basalt altar of Yredelemnul.
 38561 | Vaults:2 | Found an ancient bone altar of Kikubaaqudgha.
 38801 | Vaults:2 | Noticed Boris
 38811 | Vaults:2 | Killed Boris
 39318 | Vaults:2 | Reached skill level 27 in Dodging
 39559 | Vaults:2 | Found Laxexkugg's Antique Weapon Shoppe.
 39785 | Vaults:2 | Acquired the +3 hand crossbow "Nidibeyn" {flame, Stlth+}
 40040 | Vaults:2 | Acquired the ring of Liarap {rC++ Str+6 Int+4}
 41414 | Vaults:3 | Identified the +1 scale mail of Haunted Intercession {Fly
                  | Dex+3}
 41458 | Vaults:3 | Reached XP level 20. HP: 107/121 MP: 28/28
 42144 | Vaults:4 | Got the Elucidation of Gusts
 42912 | Vaults:5 | Entered Level 5 of the Vaults
 43302 | Vaults:4 | Noticed Boris
 43314 | Vaults:4 | Killed Boris
 44725 | Elf:1    | Entered Level 1 of the Elven Halls
 44730 | Elf:1    | Learned a level 3 spell: Portal Projectile
 45364 | Elf:1    | Noticed Louise
 45370 | Elf:1    | Killed Louise
 45466 | Elf:1    | Found a shimmering blue altar of Sif Muna.
 45522 | Elf:1    | Got Sif Muna's Teachings on Adjuration
 46823 | Elf:2    | Found a runed translucent gate.
 46823 | Elf:2    | Found a runed translucent gate.
 46823 | Elf:2    | Found a runed translucent gate.
 47036 | Elf:2    | Reached XP level 21. HP: 123/131 MP: 29/29
 47878 | Elf:3    | Entered Level 3 of the Elven Halls
 48320 | Elf:3    | Found Azulapla's Weapon Shop.
 48404 | Elf:3    | Paralysed by an air elemental for 1 turns
 48519 | Elf:3    | Found Waunoir's Magic Scroll Shop.
 48521 | Elf:3    | Found Zustriaff's Weapon Boutique.
 48523 | Elf:3    | Found Poyseiw's Magic Scroll Shop.
 49180 | Elf:3    | Identified the ring "Tollu" {AC+4 Int+4}
 49573 | Elf:3    | Identified the +8 flail of Dithmenos's Esteem {freeze,
                  | Will+ Dex+3}
 50137 | Elf:3    | Learned a level 3 spell: Tukima's Dance
 50158 | Elf:3    | Got the Elucidation of Striking and the Winter
 52396 | Vaults:4 | Reached XP level 22. HP: 104/140 MP: 25/33
 53814 | Vaults:5 | Noticed a dread lich
 54886 | Vaults:5 | Reached skill level 10 in Translocations
 55178 | Vaults:5 | Noticed a dread lich
 55185 | Vaults:5 | Killed a dread lich
 55321 | Vaults:5 | Noticed a golden dragon
 55328 | Vaults:5 | Killed a golden dragon
 55600 | Vaults:5 | Noticed a golden dragon
 55608 | Vaults:5 | Killed a golden dragon
 55658 | Vaults:5 | Identified the amulet of Neschul {rF+ Will++ Regen+ Dex-5}
 56026 | Vaults:5 | Got a silver rune of Zot
 56485 | Vaults:5 | Reached skill level 10 in Spellcasting
 56485 | Vaults:5 | Reached skill level 10 in Hexes
 57187 | Depths:1 | Entered Level 1 of the Depths
 57307 | Depths:1 | Learned a level 4 spell: Passage of Golubria
 57338 | Depths:1 | Found a one-way gate to the infinite horrors of the Abyss.
 58066 | Depths:1 | Noticed Boris
 58073 | Depths:1 | Killed Boris
 58888 | Depths:1 | Found a gateway to Hell.
 59347 | Depths:2 | Found a one-way gateway to a ziggurat.
 59816 | Depths:1 | Reached XP level 23. HP: 129/146 MP: 33/38
 60542 | Depths:2 | Gained mutation: Potions are less effective at restoring
                  | your health. [a neqoxec]
 60545 | Depths:2 | Gained mutation: You occasionally lose the ability to read
                  | scrolls when taking damage. [a cacodemon]
 60601 | Depths:2 | Identified the +1 long sword of Muschiel {freeze, rC++
                  | rCorr Dex+2}
 60601 | Depths:2 | Noticed Boris
 60617 | Depths:2 | Killed Boris
 61058 | Depths:2 | Found a one-way gate leading to the halls of Pandemonium.
 61236 | Depths:2 | Found Uhoollus's Jewellery Shoppe.
 61236 | Depths:2 | Found Cutwy's Book Boutique.
 61237 | Depths:2 | Found Cialiej's Jewellery Shoppe.
 61272 | Depths:2 | Found a shimmering blue altar of Sif Muna.
 62627 | Depths:2 | Found a radiant altar of Vehumet.
 62666 | Depths:2 | Noticed Frederick
 62668 | Depths:2 | Lost mutation: You occasionally lose the ability to read
                  | scrolls when taking damage. [potion of mutation]
 62668 | Depths:2 | Lost mutation: Potions are less effective at restoring your
                  | health. [potion of mutation]
 62668 | Depths:2 | Gained mutation: You have sharp toenails. [potion of
                  | mutation]
 62682 | Depths:2 | HP: 4/147 [spriggan air mage/the air (19)]
 63287 | Depths:2 | Killed Frederick
 63584 | Depths:2 | Learned a level 4 spell: Leda's Liquefaction
 64169 | Depths:3 | You are sucked into a shaft and drop 1 floor!
 64169 | Depths:4 | Entered Level 4 of the Depths
 65602 | Depths:4 | Found a corrupted altar of Lugonu.
 66209 | Depths:4 | Found a gate to the Realm of Zot.
 66505 | Zot:1    | Entered Level 1 of the Realm of Zot
 67048 | Zot:1    | Reached XP level 24. HP: 105/153 MP: 27/39
 68768 | Zot:2    | Noticed Parghit
 70575 | Zot:3    | Noticed a Killer Klown
 71077 | Zot:3    | Killed a Killer Klown
 72100 | Zot:4    | Noticed a Killer Klown
 73668 | Zot:4    | Noticed an orb of fire
 73672 | Zot:4    | Gained mutation: You occasionally lose the ability to drink
                  | potions when taking damage. [an orb of fire]
 73678 | Zot:4    | Killed an orb of fire
 73695 | Zot:4    | Killed a Killer Klown
 74606 | Elf:3    | Bought the +12 shortbow "Lifebane" {flame, Int+2} for 1149
                  | gold pieces
 74703 | Orc:2    | Bought a scroll of brand weapon for 152 gold pieces
 74708 | Orc:2    | Bought a scroll of enchant weapon for 120 gold pieces
 74720 | Orc:2    | Bought a scroll of teleportation for 48 gold pieces
 74814 | Elf:3    | Bought a scroll of brand weapon for 133 gold pieces
 75963 | Spider:2 | Killed Jufurghi's ghost
 76936 | Zot:2    | Learned a level 1 spell: Slow
 76942 | Zot:2    | Learned a level 5 spell: Yara's Violent Unravelling
 77664 | Zot:2    | Learned a level 5 spell: Summon Mana Viper
 78076 | Zot:4    | Reached XP level 25. HP: 141/160 MP: 36/41
 78109 | Zot:4    | Noticed an orb of fire
 78119 | Zot:4    | Gained mutation: Your body sometimes deteriorates upon
                  | taking damage. [an orb of fire]
 78123 | Zot:4    | Killed an orb of fire
 78416 | Zot:4    | Reached skill level 15 in Stealth
 78424 | Zot:4    | Found the +4 dragonskin cloak
 78424 | Zot:4    | Noticed Tiamat
 78497 | Zot:3    | Killed Tiamat
 79508 | Zot:5    | Entered Level 5 of the Realm of Zot
 80385 | Zot:5    | Noticed an orb of fire
 80396 | Zot:5    | Gained mutation: You are weak. (Str -2) [an orb of fire]
 80398 | Zot:5    | Killed an orb of fire
 80417 | Zot:5    | Noticed an orb of fire
 80434 | Zot:5    | Killed an orb of fire
 80689 | Zot:5    | Noticed a Killer Klown
 80717 | Zot:5    | Killed a Killer Klown
 80882 | Zot:5    | Noticed a Killer Klown
 80882 | Zot:5    | Noticed a dread lich
 80914 | Zot:5    | Killed a dread lich
 80916 | Zot:5    | Killed a Killer Klown
 80996 | Zot:5    | Reached skill level 15 in Hexes
 81046 | Zot:5    | Noticed a dread lich
 81466 | Zot:5    | Noticed an orb of fire
 81637 | Zot:5    | Noticed an ancient lich
 81643 | Zot:5    | Killed an ancient lich
 82225 | Zot:5    | Noticed a dread lich
 82230 | Zot:5    | Killed a dread lich
 82397 | Zot:5    | Gained mutation: You are very weak. (Str -4) [an orb of
                  | fire]
 82444 | Zot:5    | Killed a dread lich
 82447 | Zot:5    | Gained mutation: Armour fits poorly on your strangely
                  | shaped body. [an orb of fire]
 82457 | Zot:5    | Killed an orb of fire
 82620 | Zot:5    | Lost mutation: You are very weak. (Str -4) [potion of
                  | mutation]
 82620 | Zot:5    | Lost mutation: Armour fits poorly on your strangely shaped
                  | body. [potion of mutation]
 82620 | Zot:5    | Lost mutation: Your body sometimes deteriorates upon taking
                  | damage. [potion of mutation]
 82620 | Zot:5    | Gained mutation: You expend magic power (3 MP) to
                  | strengthen your wands. [potion of mutation]
 82628 | Zot:5    | Noticed an ancient lich
 82632 | Zot:5    | Killed an ancient lich
 83260 | Zot:5    | Noticed an ancient lich
 83271 | Zot:5    | Killed an ancient lich
 83302 | Zot:5    | Noticed an ancient lich
 83308 | Zot:5    | Killed an ancient lich
 83312 | Zot:5    | Reached XP level 26. HP: 111/165 MP: 4/41
 83552 | Zot:5    | Learned a level 5 spell: Silence
 83560 | Zot:5    | Learned a level 7 spell: Enfeeble
 83702 | Zot:5    | Got the Orb of Zot
 83768 | Zot:5    | Noticed Xumnech the pandemonium lord
 84133 | D:14     | Noticed Butirghaa the pandemonium lord
 84336 | D:14     | Killed Butirghaa the pandemonium lord
 84648 | D:$      | Escaped with the Orb!

Illustrated notes

Levels and vault maps discovered:
D:1:      tarquinn_simple_flora_water_c, layout_basic,
          hellmonk_ecumenical_altar_leap_of_faith, serial_shops,
          nicolae_shop_overgrown_old_shop, nicolae_shop_trees, shop_fountains,
          shop, nicolae_diamond_shop, minmay_misc_feat_pillars
D:2:      layout_basic
D:3:      layout_rooms, serial_shops, nicolae_shop_bloodbath_and_beyond,
          serial_glass, glass_columns_c, glass_columns_a, uniq_robin,
          uniq_jessica, uniq_crazy_yiuf_cottage
D:4:      layout_rooms, minmay_temple_entry_fiery, serial_shops, shop,
          uniq_sigmund
D:5:      layout_loops_ring, uniq_ijyb
D:6:      layout_loops_cross, kennysheep_vampire_church,
          nicolae_hepliaklqana_hazy_memory, nicolae_half_adder,
          uniq_blork_the_orc, uniq_eustachio, uniq_duvessa
D:7:      layout_cave_pools
D:8:      layout_gridville, nicolae_overflows_in_rows, nicolae_stop_n_shop_2,
          minivault_26, uniq_erica
D:9:      layout_loops_ring, minmay_misc_feat_four_crosses
D:10:     layout_basic, grunt_qazlal_clouds, enter_bailey_3, minmay_lizard_king,
          uniq_maurice, uniq_lodul
D:11:     layout_roguey, lair_entry_dummy
D:12:     layout_loops_corners, erik_orc_4
D:13:     layout_basic, david_vaults_4, gammafunk_ghost_nasty_kobolds,
          the_hattery
D:14:     layout_basic, bh_walls_and_bars
D:15:     gammafunk_depths_entry_grave, layout_stronghold,
          portal_ice_cave_entry_pillars_four, nemelex_spade_bored_becter,
          corner_web_ring
Temple:   jpeg_temple_island
Lair:1:   layout_big_grid, uniq_sonja
Lair:2:   layout_loops_ring, swamp_mist, hellmonk_spider_entry_life_and_decay,
          beast_lair_carwin_2, uniq_urug, uniq_nergalle
Lair:3:   layout_cave_shapes
Lair:4:   layout_concentric_octagons, slime_entry_1, basic_altar,
          beast_lair_carwin_7
Lair:5:   grunt_lair_end_beastmaster, layout_long_grid, enter_volcano_4,
          serial_bayou_pond_c, minmay_lindwurm_lava, grunt_megastairs_1,
          uniq_rupert
Swamp:1:  layout_falls_marsh, gammafunk_ghost_cemetery,
          nicolae_swamp_round_clearing, swamp_pool1, infiniplex_staircase_pool
Swamp:2:  layout_falls_marsh, evilmike_swamp_ruin_wall
Swamp:3:  layout_basic_swamp, nicolae_swamp_well_well_well
Swamp:4:  swamp_basic_johnstein, layout_basic_swamp, infiniplex_staircase_pool_2
Spider:1: layout_spider_delve, drop_trap, uniq_kirke, uniq_mlioglotl,
          uniq_asterion
Spider:2: layout_spider_delve, ebering_ghost_disaster_area, drop_trap
Spider:3: layout_spider_delve, drop_trap, nicolae_spider_shape
Spider:4: guppyfry_spider_rune, drop_trap, guppyfry_spider_mini_2, uniq_agnes,
          uniq_aizul
Orc:1:    layout_caves, serial_shops, shop
Orc:2:    st_orc_open, layout_diamond_mine, nicolae_orc_stony_grotto,
          uniq_donald
Elf:1:    eino_elf_arrival_the_gate, layout_gridlike, basic_altar,
          minmay_elf_demonology, uniq_louise
Elf:2:    elven_hall_of_blades_hangedman_original [nicolae_blade_little_rooms],
          layout_loops_ring
Elf:3:    minmay_elf_hall_curves, layout_geoelf_octagon, serial_shops,
          nicolae_shop_behind_doors, minmay_shop_star
Vaults:1: grunt_vaults_swirl, v_misc_17, nicolae_vaults_little_squares_1,
          nicolae_vaults_stairing_the_circle, v_rooms_3,
          ontoclasm_vaults_shuriken, hangedman_vaults_unwind, v_misc_10,
          v_alt_pattern_6, v_misc_17, nicolae_vaults_angled_halls,
          vaults_room_door_ring, layout_vaults_maze_snakey
Vaults:2: minmay_crypt_entry_necro_gods, nicolae_vaults_ninety_degrees,
          vaults_room_door_ring, v_misc_3, v_alt_pattern_1,
          vaults_room_fancy_cross, nicolae_vaults_shelves_hall,
          vaults_dpeg_diagonal, vaults_room_fours,
          nicolae_vaults_little_squares_6, ontoclasm_vaults_twist,
          layout_vaults_omnigrid, serial_shops, nicolae_shop_stone, uniq_boris
Vaults:3: ontoclasm_vaults_claustrophobia, v_misc_19,
          vaults_room_hangedman_quadrants, nicolae_vaults_network_square,
          vaults_standard_mumra_lines, v_misc_25, vaults_room_pool,
          nicolae_vaults_windows_and_doors_thing, v_misc_11,
          vaults_dpeg_emergency_exit, layout_vaults_chaotic_city
Vaults:4: hangedman_vaults_nodes, vaults_mumra_hex, v_misc_8, v_pattern_1,
          nicolae_vaults_circle_grid_b, nicolae_vaults_network_barrier,
          v_misc_18, hangedman_vaults_river_flow, v_alt_pattern_1, v_misc_19,
          vaults_room_door_ring, st_hourglassy, layout_vaults_omnibox
Vaults:5: serial_shops
Depths:1: layout_gridlike, hell_entry, minmay_misc_feat_five,
          abyss_entry_small_statue_room, lemuel_flame_loot_1
Depths:2: evilmike_halls_of_destruction, layout_cave_shapes, enter_ziggurat_e,
          grunt_hell_entry_demonic_statue, grunt_pan_entry_sceptre,
          minmay_misc_feat_square, nicolae_sif_muna_little_library,
          serial_bayou_shore_a, minmay_shop_grove
Depths:3: kennysheep_ogre_elephant_herders, layout_gridlike,
          pf_hell_entry_tar_spiral, kennysheep_another_room, abyss_entry
Depths:4: evilmike_zot_entry_round, layout_basic, hell_entry,
          rand_demon_pan_entry_1, serial_sigils_hangedman_etch,
          abyss_entry_flame_altar
Zot:1:    layout_basic
Zot:2:    layout_gridlike, uniq_parghit
Zot:3:    layout_misc_corridors
Zot:4:    layout_misc_corridors, kennysheep_underground_church, uniq_tiamat
Zot:5:    layout_misc_corridors

Skill      XL: |  1  2  3  4  5  6  7  8  9 10 11 12 13 14 15 16 17 18 19 20 21 22 23 24 25 |
---------------+----------------------------------------------------------------------------+-----
Dodging        | 3 4 5 6 8 9 11 13 14 16 18 20 22 24 26 27 | 27.0
Fighting       | 2 3 4 5 6 7 8 9 10 12 13 14 16 17 19 21 23 24 25 | 25.9
Ranged Weapons | 5 6 7 9 11 12 14 16 17 18 19 21 22 24 | 24.6
Stealth        | 6 10 14 17 | 17.1
Translocations | 5 6 8 10 | 10.0
Spellcasting   | 4 5 7 10 11 13 | 13.0
Hexes          | 2 5 7 10 11 13 17 | 17.5

Action                     |  1- 3 |  4- 6 |  7- 9 | 10-12 | 13-15 | 16-18 | 19-21 | 22-24 | 25-27 || total
---------------------------+-------+-------+-------+-------+-------+-------+-------+-------+-------++-------
  Melee: Arbalest          |       |       |       |       |       |     6 |       |       |       ||     6
   Fire: Shortbow          |   106 |   203 |   232 |       |       |       |       |       |       ||   541
         Arbalest          |       |       |   109 |   568 |  1085 |  1397 |   311 |   121 |   486 ||  4077
         Hand crossbow     |       |       |       |       |       |       |  1204 |  1931 |       ||  3135
   Cast: Portal Projectile |       |       |       |       |       |       |    32 |    31 |     8 ||    71
         Blink             |       |       |       |       |       |       |     1 |     1 |       ||     2
         Slow              |       |       |       |       |       |       |       |    11 |       ||    11
         Leda's Liquefacti |       |       |       |       |       |       |       |     2 |       ||     2
         Yara's Violent Un |       |       |       |       |       |       |       |     1 |       ||     1
         Summon Mana Viper |       |       |       |       |       |       |       |       |     9 ||     9
         Passage of Golubr |       |       |       |       |       |       |       |       |     6 ||     6
  Evoke: Wand              |       |       |       |     3 |       |       |       |     1 |       ||     4
    Use: Scroll            |       |       |       |    22 |    12 |     4 |     7 |    15 |     2 ||    62
         Potion            |       |       |       |     1 |       |     3 |       |     6 |     3 ||    13
 Armour: Robe              |     6 |     4 |     8 |    20 |    32 |    75 |    23 |    16 |    12 ||   196
  Dodge: Dodged            |    26 |    65 |   106 |   205 |   508 |  1505 |  1438 |  1725 |   383 ||  5961
  Block: Other             |     1 |    15 |    34 |    41 |    97 |   227 |   244 |   391 |    78 ||  1128
         Reflection        |       |       |     6 |     1 |     3 |     4 |    31 |       |       ||    45

Table legend: (Time is in decaauts)
 A = Elapsed time spent in this place.
 B = Non-inter-level travel time spent in this place.
 C = Inter-level travel time spent in this place.
 D = Time resting spent in this place.
 E = Time spent auto-exploring this place.
 F = Levels seen in this place.
 G = Mean time per level.
                   A        B        C        D        E       F      G
               +--------+--------+--------+--------+--------+-----+--------+
         Total |  69550 |  65615 |   3935 |  27430 |  24078 |  51 | 1363.7 |
       Dungeon |  12817 |  11034 |   1783 |   1958 |   6293 |  15 |  854.5 |
        Temple |    182 |    163 |     19 |      0 |    157 |   1 |  182.0 |
          Lair |   5907 |   5557 |    350 |   1996 |   2307 |   5 | 1181.4 |
         Swamp |   2434 |   2360 |     74 |    163 |   1638 |   4 |  608.5 |
   Spider Nest |   6458 |   6282 |    176 |   3211 |   1830 |   4 | 1614.5 |
  Orcish Mines |   1655 |   1479 |    176 |    639 |    494 |   2 |  827.5 |
   Elven Halls |   4474 |   4219 |    255 |   1498 |   1854 |   3 | 1491.3 |
        Vaults |  12224 |  11862 |    362 |   5805 |   3872 |   5 | 2444.8 |
        Depths |   8044 |   7657 |    387 |   3400 |   2899 |   4 | 2011.0 |
           Zot |  14009 |  13659 |    350 |   8538 |   2237 |   5 | 2801.8 |
        Bailey |    583 |    583 |      0 |    216 |     84 |   1 |  583.0 |
      Ice Cave |    504 |    504 |      0 |      0 |    284 |   1 |  504.0 |
       Volcano |    254 |    254 |      0 |      2 |    125 |   1 |  254.0 |
               +--------+--------+--------+--------+--------+-----+--------+

Top non-repeatable levels by time:
Vaults:4: 5926 daAuts
   Zot:3: 4117 daAuts
   Zot:5: 3464 daAuts
Spider:3: 3160 daAuts
Depths:2: 3084 daAuts
Depths:1: 2799 daAuts
   Zot:2: 2644 daAuts
   Zot:1: 2194 daAuts
  Lair:2: 2162 daAuts
Vaults:5: 1943 daAuts
   Elf:3: 1917 daAuts
   Elf:2: 1727 daAuts
    D:13: 1722 daAuts
   Zot:4: 1588 daAuts
Vaults:2: 1570 daAuts
